 Dungeon Crawl Stone Soup version 0.30.0-20-g3615ddf2f0 (webtiles) character file.

Game seed: 9121684739681248296

611 qw the Chopper (level 7, -1/43 HPs)
             Began as a Gargoyle Fighter on May 29, 2023.
             Slain by an ogre
             ... wielding a +0 giant spiked club
              (19 damage)
             ... on level 5 of the Dungeon.
             The game lasted 00:01:31 (3641 turns).

qw the Chopper (Gargoyle Fighter)                   Turns: 3641, Time: 00:01:32

Health: -1/43      AC: 18    Str: 27    XL:     7   Next: 43%
Magic:  7/7        EV:  8    Int:  9    God:
Gold:   194        SH:  4    Dex:  9    Spells: 6/6 levels left

rFire   . . .        Y - +2 broad axe (venom)
rCold   . . .        c - +0 buckler
rNeg    + . .        q - +0 chain mail
rPois   inf          l - +0 helmet
rElec   +            (no cloak)
rCorr   .            (no gloves)
SInv    .            o - +2 pair of boots
Will    .....        (no amulet) Stlth
                     m - +6 ring of strength
HPRegen 0.27/turn    (no ring)
MPRegen 0.10/turn

%: no passive effects
@: no status effects
A: sickness immunity, AC +4, negative energy resistance 1, electricity
resistance, torment resistance 1, petrification resistance
a: no special abilities


You were on level 5 of the Dungeon.
You visited 1 branch of the dungeon, and saw 5 of its levels.

You collected 194 gold pieces.


Innate Abilities, Weirdness & Mutations

You are immune to sickness and miasma.
Your stone body is resilient. (AC +4)
You are immune to poison.
You resist negative energy. (rN+)
You are resistant to electric shocks. (rElec)
You are resistant to unholy torment.
You are immune to petrification.


   Skills:
 - Level 4.3 Fighting
 + Level 6.7 Axes
 - Level 3.2 Armour
 - Level 1.0 Dodging
 - Level 3.2 Shields


You had 6 spell levels left.
You didn't know any spells.
Your spell library was empty.

Inventory:

Hand Weapons
 t - a +0 morningstar
 Y - a +2 broad axe of venom (weapon)
Missiles
 f - 5 boomerangs (quivered)
Armour
 c - a +0 buckler (worn)
 l - a +0 helmet (worn)
 o - a +2 pair of boots (worn)
 q - a +0 chain mail (worn)
Jewellery
 m - a +6 ring of strength (left hand)
Wands
 h - a wand of digging (2)
Scrolls
 a - a scroll of identify
Potions
 d - a potion of might
 e - 3 potions of curing
 g - 2 potions of lignification
 k - a potion of heal wounds
 p - 3 potions of mutation
 r - a potion of flight {unknown}

Dungeon Overview and Level Annotations

Branches:
Dungeon (5/15)             Temple (0/1) D:5

Altars:
Dithmenos
Fedhas
Uskayaw
The Shining One


Message History

Something hits you but does no damage.
You closely miss something. You slash something! Something hits you.
You hit something.
You hear the slow hiss of a very distant avalanche of sand.
You hear some strange, mumbled words.
A magic dart appears from out of thin air!
The magic dart hits you. Something hits you.
You miss something. You miss something.
Reactivating autopickup.
You feel a bit more experienced.
You start resting.
HP restored.
g - 2 potions of lignification (gained 1)
Things that are here:
a +0 scythe; a +0 robe
Things that are here:
a +0 scythe; a +0 robe You hear the slow hiss of a very distant avalanche of sand.
A white imp comes into view.
You see here 9 gold pieces.
An ogre comes into view. It is wielding a +0 giant spiked club.
The ogre shouts!
The white imp gestures at you.
The puff of frost hits you but does no damage.
You slice the white imp!!
You kill the white imp!
You throw a boomerang. The boomerang hits the ogre.
The ogre is lightly wounded.
You slash the ogre!
The ogre looks as sick as possible!
The ogre is heavily wounded.
The ogre hits you with a +0 giant spiked club!!
Ouch! That really hurt!
Something shouts, "Fly, thou pribbling weather-bitten nert!"
You barely miss the ogre.
The ogre is severely wounded.
The ogre hits you with a +0 giant spiked club!!
You die...

############ ###
#..........#
..###.##.####..###
..............$..###
......~~~~~........#
....~~~~~~~~~....#.#
..~~~~~~~~~~~~~.@# ..
.~~~~~~~~~~~~~~~O..###
.~~~~~~...~~~~~~......
?~~~~~~.>......?.#.##.#
.~~~~~~../~~~~~~.... .#
..~~~~~~~~~~~~~......
....~~~~~~~~~....# ...
......~~~~~......# .#.#
........... .


You could see an ogre (extremely poisoned).

Vanquished Creatures
  Sigmund (D:5)
  A black bear (D:4)
  A scorpion (D:4)
  A jelly (D:5)
  2 orc wizards
  11 adders
  A shadow imp (D:5)
  2 white imps (D:5)
  2 worms (D:2)
  2 dart slugs
  10 orcs
  10 ball pythons
  3 endoplasms
  2 giant cockroaches
  5 goblins
  7 hobgoblins
  2 jackals (D:1)
  2 kobolds
  4 quokkas
  6 bats
  2 frilled lizards
  2 rats
79 creatures vanquished.

Notes
Turn   | Place    | Note
-------+----------+-------------------------------------------
     0 | D:1      | qw the Gargoyle Fighter began the quest for the Orb.
     0 | D:1      | Reached XP level 1. HP: 14/14 MP: 1/1
     0 | D:1      | 0 ||| qw: Version: 0.2-a-101-gf424e7f
     0 | D:1      | 0 ||| qw: Game counter: 289
     0 | D:1      | 0 ||| qw: Always use a shield: true
     0 | D:1      | 0 ||| qw: God list: Okawaru
     0 | D:1      | 0 ||| qw: Allow faded altars: false
     0 | D:1      | 0 ||| qw: Do Orc after D:15 true
     0 | D:1      | 0 ||| qw: Do second Lair branch before Depths: true
     0 | D:1      | 0 ||| qw: Lair rune preference: random
     0 | D:1      | 0 ||| qw: Plans: Normal, Zot:1-4, Slime:5, God:TSO, Crypt,
                  | Tomb, Pan, Hells, Abyss, Win
     0 | D:1      | 0 ||| PLANNING D:1-11
    66 | D:1      | Reached skill level 2 in Axes
   327 | D:1      | Reached XP level 2. HP: 17/19 MP: 2/2
   687 | D:1      | 687 ||| DROPPING ring of wizardry.
   688 | D:1      | 688 ||| READING 2 scrolls labelled VOLEHESI BAOZI.
   689 | D:1      | 689 ||| READING scroll labelled MAWUMU DIHAYF.
   690 | D:1      | 690 ||| READING scroll labelled HUWKEH BINILO.
   691 | D:1      | 691 ||| READING scroll labelled ZEAVYSESIA.
   719 | D:2      | Reached skill level 3 in Axes
   719 | D:2      | Reached XP level 3. HP: 23/23 MP: 3/3
   751 | D:2      | Found a shadowy altar of Dithmenos.
   874 | D:2      | 874 ||| Stepping ~*~*~tactically~*~*~ (stealth).
   875 | D:2      | 875 ||| Stepping ~*~*~tactically~*~*~ (stealth).
  1086 | D:2      | Reached XP level 4. HP: 28/28 MP: 4/4
  1195 | D:2      | Reached skill level 4 in Axes
  1380 | D:2      | 1380 ||| READING scroll labelled WEDOEB IGHIS.
  1380 | D:2      | Identified a scroll of acquirement
  1380 | D:2      | 1380 ||| ACQUIRING +2 broad axe of venom
  1380 | D:2      | Acquired a +2 broad axe of venom
  1382 | D:2      | 1382 ||| SWAPPING to +2 broad axe of venom.
  1383 | D:2      | 1383 ||| DROPPING +1 war axe.
  1384 | D:2      | 1384 ||| DRINKING 2 golden potions.
  1385 | D:2      | 1385 ||| DRINKING 2 blue potions.
  1426 | D:2      | 1426 ||| DRINKING 3 viscous white potions.
  1427 | D:2      | 1427 ||| DROPPING 2 potions of magic.
  1486 | D:3      | 1486 ||| Stepping ~*~*~tactically~*~*~ (stealth).
  1654 | D:3      | Found a glowing golden altar of the Shining One.
  1855 | D:3      | 1855 ||| FLEEEEING.
  1856 | D:3      | 1856 ||| FLEEEEING.
  1857 | D:3      | 1857 ||| FLEEEEING.
  1858 | D:3      | 1858 ||| FLEEEEING.
  1859 | D:3      | 1859 ||| FLEEEEING.
  1860 | D:3      | 1860 ||| FLEEEEING.
  1861 | D:3      | 1861 ||| FLEEEEING.
  1867 | D:3      | Reached XP level 5. HP: 31/32 MP: 5/5
  1871 | D:3      | 1871 ||| DROPPING +0 club.
  1901 | D:3      | Found a hide-covered altar of Uskayaw.
  2204 | D:3      | 2204 ||| UPGRADING to +0 helmet.
  2209 | D:3      | 2209 ||| DROPPING +1 hat.
  2210 | D:3      | 2210 ||| UPGRADING to +2 pair of boots.
  2215 | D:3      | 2215 ||| UPGRADING to +6 ring of strength.
  2216 | D:3      | 2216 ||| READING scroll labelled ICLOFI MIMOU.
  2217 | D:3      | 2217 ||| READING scroll labelled MITUUN NOTHO.
  2218 | D:3      | 2218 ||| DRINKING 2 bubbling sapphire potions.
  2219 | D:3      | 2219 ||| READING 3 scrolls of identify.
  2219 | D:3      | 2219 ||| IDENTIFYING bubbling amethyst potion
  2220 | D:3      | 2220 ||| READING 2 scrolls of identify.
  2220 | D:3      | 2220 ||| IDENTIFYING inky potion
  2221 | D:3      | 2221 ||| DROPPING potion of ambrosia.
  2266 | D:4      | Reached skill level 5 in Axes
  2349 | D:4      | 2349 ||| Stepping ~*~*~tactically~*~*~ (hiding).
  2351 | D:4      | 2351 ||| Stepping ~*~*~tactically~*~*~ (hiding).
  2509 | D:4      | 2509 ||| Stepping ~*~*~tactically~*~*~ (stealth).
  2545 | D:4      | Reached skill level 1 in Dodging
  2589 | D:4      | Reached XP level 6. HP: 27/38 MP: 6/6
  2836 | D:4      | 2836 ||| Stepping ~*~*~tactically~*~*~ (hiding).
  3236 | D:4      | Noticed a black bear
  3242 | D:4      | Killed a black bear
  3337 | D:4      | Found a blossoming altar of Fedhas.
  3442 | D:4      | 3442 ||| UPGRADING to +0 chain mail.
  3452 | D:4      | 3452 ||| DROPPING +0 scale mail.
  3453 | D:4      | 3453 ||| READING scroll labelled SEJOXIEJICS.
  3454 | D:4      | 3454 ||| READING scroll labelled KIZATU OLOPNU.
  3455 | D:4      | 3455 ||| READING scroll labelled PESHEIL LUXTUIHOYM.
  3460 | D:4      | 3460 ||| READING 2 scrolls of identify.
  3460 | D:4      | 3460 ||| IDENTIFYING puce potion
  3461 | D:4      | 3461 ||| DROPPING potion of invisibility.
  3524 | D:5      | Entered Level 5 of the Dungeon
  3525 | D:5      | 3525 ||| PLANNING OSSUARY
  3546 | D:5      | Found a staircase to the Ecumenical Temple.
  3556 | D:5      | Reached skill level 6 in Axes
  3556 | D:5      | Reached XP level 7. HP: 43/43 MP: 7/7
  3565 | D:5      | Noticed Sigmund
  3572 | D:5      | Killed Sigmund
  3641 | D:5      | Slain by an ogre

Levels and vault maps discovered:
D:1:      dpeg_arrival_simpleton_b, layout_loops_ring, st_stairs_14
D:2:      layout_loops_cross, basic_altar
D:3:      layout_basic, mainiacjoe_overflow_catwalk,
          eat_drink_and_be_merry_uskayaw
D:4:      layout_basic, kennysheep_little_box, minivault_4
D:5:      layout_loops_ring, temple_pool_b, nicolae_ossuary_entry_ruins,
          uniq_sigmund, uniq_grinder, uniq_duvessa

Skill      XL: |  1  2  3  4  5  6 |
---------------+-------------------+-----
Axes           | 2 3 4 5 6 |  6.7
Dodging        | 1 |  1.0
Fighting       | 4 |  4.3
Armour         | |  3.2
Shields        | |  3.2

Action                     |  1- 3 |  4- 6 |  7- 9 || total
---------------------------+-------+-------+-------++-------
  Melee: War axe           |    69 |    18 |       ||    87
         Broad axe         |       |    90 |     9 ||    99
  Throw: Boomerang         |    23 |    70 |     1 ||    94
    Use: Scroll            |     4 |     9 |       ||    13
         Potion            |       |     4 |       ||     4
 Armour: Scale mail        |    42 |    49 |       ||    91
         Chain mail        |       |     4 |     2 ||     6
  Dodge: Dodged            |    25 |    34 |       ||    59
  Block: Buckler           |    12 |    23 |     1 ||    36

Table legend:
 A = Non-vault XP
 B = Vault XP
 C = Vault XP percentage of total XP
 D = Non-vault monster count
 E = Vault monster count
 F = Vault count percentage of total count
                 A         B        C        D         E       F
            +---------+---------+-------+---------+---------+-------
      Total |     630 |     243 |  27.8 |      76 |       3 |   3.8
            +---------+---------+-------+---------+---------+-------
        D:1 |      18 |       4 |  18.2 |      10 |       2 |  16.7
        D:2 |      88 |       0 |   0.0 |      20 |       0 |   0.0
        D:3 |     106 |       0 |   0.0 |      20 |       0 |   0.0
        D:4 |     343 |       0 |   0.0 |      22 |       0 |   0.0
        D:5 |      75 |     239 |  76.1 |       4 |       1 |  20.0
            +---------+---------+-------+---------+---------+-------
